Map: Ice and Chrome LE

Players

BratOK (Brat_OK)

  • Race: Terran Terran
  • League: Master
  • Spawn Location: 7:00

Serral - Winner!

  • Race: Zerg Zerg
  • League: Grandmaster
  • Spawn Location: 1:00

Event: DreamHack SC2 Masters 2020 Fall

VOD

Have the link to the VOD?

Description

Time

  • Played on: Sept. 1, 2020, 3:11 p.m.
  • Length: 9:16

All games in this series

Show
View Real Time Build Order
Export as new Build Order

BratOK Terran 

Build Orders: Reaper Expand, Mech 

Get SALT Encoding   

  12  0:00  SCV  
  13  0:12  SCV  
  14  0:17  Supply Depot  
  14  0:25  SCV  
  15  0:38  SCV  
  15  0:39  Barracks  
  16  0:43  Refinery  
  16  0:50  SCV  
  17  1:02  SCV  
  18  1:14  SCV  
  19  1:26  Reaper  
  19  1:27  Orbital Command  
  20  1:38  Command Center  
  20  1:46  Supply Depot  
  20  1:52  SCV  
  21  1:58  Marine  
  22  2:05  SCV  
  23  2:09  Factory  
  23  2:17  SCV  
  23  2:18  Refinery  
  23  2:20  Barracks Reactor  
  23  2:30  SCV  
  23  2:36  Bunker  
  24  2:43  SCV  
  25  2:51  Orbital Command  
  25  2:54  Hellion  
  25  2:56  Armory  
  25  2:58  Marine x2  
  28  3:02  SCV  
  30  3:15  SCV  
  30  3:17  SCV  
  32  3:25  Hellion x2  
  36  3:28  SCV  
  36  3:32  Starport  
  36  3:33  SCV  
  38  3:40  SCV  
  38  3:41  Supply Depot  
  39  3:43  Barracks Tech Lab  
  39  3:51  SCV  
  39  3:53  Hellion x2  
  39  3:55  SCV  
  44  4:14  Supply Depot x2  
  44  4:21  Medivac, Thor  
  44  4:23  SCV x2  
  54  4:30  Command Center  
  54  4:36  SCV x2  
  56  4:44  Supply Depot  
  56  4:48  SCV x2  
  58  4:54  Refinery  
  58  4:55  Refinery  
  58  5:00  SCV x2  
  60  5:12  SCV x2  
  60  5:13  Hellion x5  
  62  5:16  Factory  
  62  5:18  Factory  
  64  5:21  Hellion x2  
  64  5:22  Viking  
  64  5:24  SCV x2  
  64  5:25  Supply Depot  
  70  5:36  SCV x2  
  72  5:48  Hellion x2  
  76  5:50  Orbital Command, SCV x2  
  78  6:01  Terran Vehicle Weapons Level 1  
  78  6:03  Siege Tank  
  81  6:04  Factory Tech Lab  
  81  6:10  Hellion x2  
  85  6:11  SCV  
  85  6:18  Orbital Command  
  86  6:27  SCV x2  
  88  6:33  Hellion x2, Siege Tank  
  88  6:38  Command Center  
  88  6:39  SCV x2, Supply Depot  
  97  6:40  Supply Depot  
  97  6:42  Siege Tank  
  97  6:44  SCV  
  101  6:55  Supply Depot  
  101  6:56  Supply Depot  
  101  6:58  SCV  
  102  7:05  SCV x2  
  104  7:10  SCV  
  104  7:12  Engineering Bay  
  104  7:14  Armory  
  104  7:15  Factory  
  103  7:16  Factory  
  103  7:17  SCV x2  
  103  7:21  Siege Tank x2  
  111  7:29  SCV  
  108  7:31  SCV  
  108  7:33  Refinery x2  
  108  7:36  Viking  
  107  7:38  SCV  
  107  7:41  SCV  
  107  7:43  SCV  
  110  7:49  Supply Depot x2  
  110  7:50  SCV  
  111  7:53  Planetary Fortress, SCV  
  111  7:55  SCV  
  113  8:01  Factory Reactor  
  113  8:02  SCV  
  113  8:05  SCV  
  115  8:07  Factory Tech Lab, SCV  
  115  8:11  Siege Tank x2  
  115  8:12  Hellion  
  119  8:14  SCV  
  119  8:16  Hellion  
  119  8:17  SCV  
  119  8:19  SCV  
  69  8:33  Hellion  
  69  8:39  Hellion, Siege Tank  
  74  8:43  Siege Tank  
  74  8:44  Siege Tank  
  80  8:51  Hellion  
  80  8:54  Hellion  
  80  8:55  Hellion  
Show
View Real Time Build Order
Export as new Build Order

Serral Zerg - Winner!

Build Orders: Pool First 

Get SALT Encoding   

  12  0:00  Drone  
  13  0:11  Overlord  
  13  0:16  Drone  
  14  0:30  Drone x2  
  14  0:33  Drone  
  17  0:44  Extractor  
  17  0:45  Drone  
  17  0:49  Spawning Pool  
  16  0:55  Drone  
  17  1:07  Drone  
  18  1:17  Hatchery  
  17  1:20  Drone  
  18  1:36  Queen, Zergling x2  
  18  1:39  Zergling x2  
  22  1:46  Metabolic Boost  
  22  1:52  Overlord  
  22  2:11  Drone x2, Queen  
  26  2:21  Drone  
  27  2:30  Drone, Queen  
  27  2:32  Drone  
  31  2:42  Drone  
  32  2:44  Drone x3  
  32  2:47  Pneumatized Carapace  
  32  2:50  Overlord  
  35  2:56  Drone  
  36  3:06  Hatchery  
  36  3:11  Drone x2  
  36  3:12  Drone  
  37  3:18  Drone  
  37  3:19  Drone x2  
  40  3:22  Overlord  
  40  3:29  Spore Crawler  
  40  3:30  Zergling x2  
  40  3:38  Drone x2  
  40  3:40  Drone, Queen  
  45  3:47  Overlord  
  45  3:49  Drone x3  
  45  3:51  Drone  
  45  3:52  Drone x2  
  51  3:58  Overlord  
  51  4:05  Queen  
  51  4:09  Roach Warren, Zergling x4  
  54  4:13  Extractor  
  54  4:16  Queen  
  55  4:19  Zergling x4  
  55  4:20  Drone x2  
  55  4:22  Drone  
  55  4:23  Drone  
  61  4:25  Drone  
  62  4:31  Drone x2  
  62  4:32  Drone x2  
  62  4:36  Overlord  
  66  4:41  Drone  
  66  4:44  Drone, Queen  
  70  4:46  Lair  
  70  4:50  Zergling x6  
  73  4:59  Overlord  
  73  5:00  Roach x2  
  73  5:01  Roach  
  73  5:03  Overlord  
  79  5:08  Roach  
  81  5:15  Overlord  
  81  5:19  Roach x4  
  89  5:23  Drone x3  
  89  5:26  Extractor x2  
  90  5:30  Drone x2, Overlord  
  90  5:33  Overlord  
  90  5:35  Drone x2  
  94  5:44  Glial Reconstitution, Drone x2  
  94  5:45  Drone  
  97  5:54  Drone x2  
  97  5:56  Evolution Chamber  
  98  5:57  Overlord  
  98  5:58  Overseer  
  98  5:59  Drone x3  
  98  6:00  Drone x6  
  98  6:02  Extractor x2  
  105  6:12  Drone x3  
  108  6:21  Hatchery  
  108  6:25  Overlord  
  107  6:26  Zerg Missile Weapons Level 1  
  107  6:27  Overlord  
  107  6:30  Roach x4  
  115  6:35  Overlord  
  115  6:37  Roach  
  115  6:38  Roach x6  
  129  6:46  Roach x2  
  132  6:54  Overlord  
  132  6:56  Drone x3  
  132  6:58  Drone x2  
  137  7:04  Overlord x2  
  137  7:06  Roach x4  
  137  7:07  Extractor  
  144  7:11  Extractor  
  143  7:18  Roach x5  
  153  7:23  Evolution Chamber  
  149  7:31  Drone  
  149  7:32  Drone x3  
  149  7:34  Roach x7  
  168  7:37  Queen  
  168  7:41  Overlord x3  
  168  7:43  Ravager x3  
  168  7:44  Ravager x2  
  175  7:54  Overlord  
  175  7:56  Overlord  
  175  8:01  Ravager x2  
  175  8:02  Ravager x3  
  175  8:03  Roach x6  
  178  8:13  Roach x6  
  161  8:22  Roach x5  
  161  8:26  Roach x3  
  160  8:37  Roach x3  
  168  8:41  Roach x2  
  168  8:47  Roach x4  
  178  8:51  Ravager x6  
  178  8:53  Overlord  

Tags
 
Add a new tag
Caveats
  • Supply blocks, unpowered buildings, or Contaminate may cause inaccurate times.
  • Supply counts are checked every 10 seconds.